 Dungeon Crawl Stone Soup version 0.29-a0-575-g0dc89cf053 (webtiles) character file.

Game seed: 3880146524930213004

1617 xian the Cudgeller (level 8, 0/48 HPs)
             Began as a Gargoyle Fighter on June 12, 2022.
             Slain by Maggie
             ... wielding a +2 vorpal war axe
              (2 damage)
             ... on level 6 of the Dungeon.
             The game lasted 00:17:08 (5238 turns).

xian the Cudgeller (Gargoyle Fighter)               Turns: 5238, Time: 00:17:08

Health: 0/48       AC: 14    Str: 22    XL:     8   Next: 96%
Magic:  8/8        EV: 11    Int:  9    God:
Gold:   276        SH: 10    Dex:  9    Spells: 7/7 levels left

rFire   + + .      SeeInvis .   x - +0 long sword (drain)
rCold   x . .      Faith    .   c - +0 buckler
rNeg    + . .      Spirit   .   u - +0 ring mail {rF+}
rPois   ∞          Reflect  +   t - +0 helmet
rElec   +          Harm     .   k - +0 cloak
rCorr   .          Rampage  .   (no gloves)
Will    .....                   (no boots)
Stlth   +.........              f - amulet of reflection
HPRegen 0.16/turn               r - ring of flight
MPRegen 0.11/turn               q - ring of fire

@: attractive, flying, invisible
A: sickness immunity, AC +5, negative energy resistance 1, electricity
resistance, torment resistance 1, petrification resistance
a: no special abilities


You were on level 6 of the Dungeon.
You visited 1 branch of the dungeon, and saw 6 of its levels.

You collected 276 gold pieces.

Inventory:

Hand Weapons
 a - a +0 flail of flaming
 x - a +0 long sword of draining (weapon)
Missiles
 d - 3 curare-tipped darts
 p - 11 poisoned darts (quivered)
Armour
 c - a +0 buckler (worn)
 k - a +0 cloak (worn)
 t - a +0 helmet (worn)
 u - a +0 ring mail of fire resistance (worn)
Jewellery
 f - an amulet of reflection (around neck)
 q - a ring of fire (right hand)
 r - a ring of flight (left hand)
Wands
 m - a wand of iceblast (5)
Scrolls
 b - a scroll of identify
 l - 2 scrolls of silence
 o - a scroll of immolation
Potions
 e - a potion of ambrosia
 g - a potion of curing
 i - 2 potions of mutation
 j - a potion of brilliance


   Skills:
 + Level 4.9 Fighting
 + Level 1.2 Long Blades
 + Level 6.8 Maces & Flails
 + Level 0.3 Throwing
 + Level 5.9 Armour
 + Level 3.1 Dodging
 + Level 1.4 Stealth
 + Level 6.2 Shields
 + Level 0.1 Evocations


You had 7 spell levels left.
You didn't know any spells.
Your spell library contained the following spells:

 Spells                   Type           Power      Damage    Failure   Level
 Blink                    Tloc           0%         N/A       77%         2
 Gell's Gravitas          Tloc           0%         N/A       94%         3
 Lesser Beckoning         Tloc           0%         N/A       94%         3
 Teleport Other           Tloc           0%         N/A       94%         3
 Manifold Assault         Tloc           0%         N/A       100%        5


Dungeon Overview and Level Annotations

Branches:
Dungeon (6/15)
 Temple: D:4-7

Altars:
Kikubaaqudgha
Makhleb
Vehumet

Shops:
D:1 [

Annotations:
D:3 3 runed translucent doors, spaghetti's ghost, amateur OgEE
D:6 Duvessa; Maggie; Prince Ribbit


Innate Abilities, Weirdness & Mutations

You are immune to sickness and miasma.
Your stone body is resilient. (AC +5)
You are immune to poison.
You resist negative energy. (rN+)
You are resistant to electric shocks. (rElec)
You are resistant to unholy torment.
You are immune to petrification.


Message History

Maggie hits you with a +2 vorpal war axe.
* * * LOW HITPOINT WARNING * * *
x2
Okay, then.
It was a potion of attraction.
You feel attractive to monsters.
You block Duvessa's attack. x2; You block Maggie's attack.
As you read the scroll of fear, it crumbles to dust.
You assume a fearsome visage.
Maggie looks frightened!
Duvessa is unaffected.
You break out of your daze!
You block Duvessa's attack. Maggie is attracted toward you.
You hit Maggie. You drain Maggie.
Your attack snaps Maggie out of her fear.
Maggie is lightly wounded.
Duvessa closely misses you. You block Duvessa's attack.
You hit Maggie.
Maggie is moderately wounded.
You block Duvessa's attack.
Maggie gestures wildly while chanting.
Maggie attempts to bespell you! You resist. Duvessa barely misses you.
Maggie hits you with a +2 vorpal war axe!
* * * LOW HITPOINT WARNING * * *
x2 You feel better.
You block Duvessa's attack. Duvessa hits you with a +0 rapier.
* * * LOW HITPOINT WARNING * * *
Maggie casts a spell.
Maggie attempts to bespell you! You resist.
You fade into invisibility!
Duvessa hits you with a +0 rapier.
* * * LOW HITPOINT WARNING * * *
Maggie closely misses you. You block Duvessa's attack.
Duvessa hits you with a +0 rapier.
* * * LOW HITPOINT WARNING * * *
You block Maggie's attack.
You fly downwards.
Level annotation: Prince Ribbit The orc barely misses you.
The orc is attracted toward you.
There is a stone staircase leading up here.
Duvessa closely misses you. You block the orc's attack.
Maggie hits you with a +2 vorpal war axe.
* * * LOW HITPOINT WARNING * * *
You die...

....... ......
#. #. #....##
.###§ #.....
o... #.... #
##...## # #...#
#.#.....## .##
#...#
#......o.#...#.
#...#
#.......@......
#...# #.....@e#
#.z.# #....o.##
#.zz####.#...##
#.FW...#.##.#
##<.........
##.##......
......##
#######


You could see Maggie (can't see you, drained), Duvessa (berserk, can't see you,
drained), an orc wizard (can't see you) and 2 orcs.

Vanquished Creatures
  Menkaure (D:4)
  A water moccasin (D:5)
  2 ice beasts (D:5)
  A black bear (D:5)
  2 ogres
  2 centaurs
  A phantom (D:5)
  3 scorpions (D:5)
  A wight (D:5)
  Dowan (D:5)
  A crimson imp (D:5)
  A howler monkey (D:4)
  2 hounds (D:5)
  A jelly (D:5)
  An orc priest (D:5)
  Jessica (D:3)
  An orc wizard (D:5)
  7 adders
  3 gnolls (D:2)
  2 shadow imps
  A white imp (D:5)
  2 ufetubi (D:5)
  A worm (D:2)
  4 dart slugs
  9 orcs (D:5)
  7 endoplasms
  2 giant cockroaches
  4 goblins
  6 hobgoblins
  8 kobolds
  2 quokkas
  6 ball pythons
  5 bats
  A frilled lizard (D:1)
  3 rats
96 creatures vanquished.

Notes
Turn   | Place    | Note
-------+----------+-------------------------------------------
     0 | D:1      | xian the Gargoyle Fighter began the quest for the Orb.
     0 | D:1      | Reached XP level 1. HP: 14/14 MP: 1/1
   164 | D:1      | Reached XP level 2. HP: 9/19 MP: 2/2
   342 | D:1      | Found Xoprawix's Antique Armour Shoppe.
   615 | D:1      | You fall into a shaft and drop 1 floor!
   631 | D:2      | Reached XP level 3. HP: 23/23 MP: 3/3
   787 | D:2      | Reached XP level 4. HP: 29/29 MP: 4/4
  1104 | D:2      | Reached skill level 1 in Dodging
  1570 | D:2      | Reached XP level 5. HP: 33/33 MP: 5/5
  1901 | D:1      | Found a faded altar of an unknown god.
  2224 | D:3      | Found a runed translucent gate.
  2224 | D:3      | Found a runed translucent gate.
  2224 | D:3      | Found a runed translucent gate.
  2224 | D:3      | Noticed spaghetti's ghost (amateur OgEE)
  2529 | D:3      | Noticed Jessica
  2550 | D:3      | Killed Jessica
  2655 | D:3      | Found a radiant altar of Vehumet.
  2969 | D:4      | Noticed an ogre
  2975 | D:4      | Killed an ogre
  2976 | D:4      | Reached XP level 6. HP: 38/38 MP: 6/6
  3086 | D:4      | Noticed Menkaure
  3104 | D:4      | Killed Menkaure
  3453 | D:4      | Found an ancient bone altar of Kikubaaqudgha.
  3657 | D:5      | Entered Level 5 of the Dungeon
  3675 | D:5      | Reached XP level 7. HP: 38/43 MP: 7/7
  3708 | D:5      | Reached skill level 5 in Armour
  3900 | D:5      | Reached skill level 1 in Stealth
  3900 | D:5      | Reached skill level 5 in Shields
  4046 | D:5      | Found a burning altar of Makhleb.
  4055 | D:5      | Reached skill level 5 in Maces & Flails
  4115 | D:5      | Reached XP level 8. HP: 31/48 MP: 8/8
  4371 | D:6      | Noticed Duvessa
  4372 | D:6      | Noticed Prince Ribbit
  4374 | D:6      | Noticed Dowan
  4892 | D:6      | Noticed Maggie
  4973 | D:5      | Reached skill level 1 in Long Blades
  5228 | D:5      | Killed Dowan
  5238 | D:6      | HP: 2/48 [Maggie/+2 vorpal war axe (4)]
  5238 | D:6      | Slain by Maggie

Illustrated notes

Levels and vault maps discovered:
D:1:      beargit_arrival_greenhouse, layout_basic,
          hellmonk_ecumenical_altar_lost_god, serial_shops,
          nicolae_shop_statue_plus
D:2:      layout_loops_ring, grunt_decor_one_mirror
D:3:      layout_rooms, mainiacjoe_overflow_concentric_impassable,
          ebering_ghost_rock_garden, small_statue_alley_b, uniq_jessica
D:4:      layout_cave_pools, mainiacjoe_overflow_surrounded_room, uniq_menkaure
D:5:      kb_forest_paths, layout_cave_pools, makhleb_grotto_becter,
          chequers_serial_rivers_large_a, minmay_splitting_lines
D:6:      layout_loops_ring, mainiacjoe_overflow_chevrons,
          minmay_temple_entry_gardened_gates, serial_shops, nicolae_shop_stone,
          uniq_prince_ribbit1, uniq_duvessa, uniq_maggie

Skill      XL: |  1  2  3  4  5  6  7  8 |
---------------+-------------------------+-----
Maces & Flails | 3 4 5 6 |  6.8
Dodging        | 1 2 3 |  3.1
Shields        | 4 5 6 |  6.2
Armour         | 4 5 |  5.9
Fighting       | 4 |  4.9
Stealth        | 1 |  1.4
Long Blades    | 1 |  1.2
Throwing       | |  0.3
Evocations     | |  0.1

Action                   |  1- 3 |  4- 6 |  7- 9 || total
-------------------------+-------+-------+-------++-------
Melee: Flail             |    87 |   131 |   114 ||   332
       Long sword        |       |       |    66 ||    66
Throw: Dart              |       |       |     3 ||     3
Evoke: Wand              |       |     1 |       ||     1
  Use: Scroll            |     3 |    14 |     2 ||    19
       Potion            |       |     1 |     6 ||     7
Armor: Scale mail        |    50 |    84 |    31 ||   165
       Ring mail         |       |       |    85 ||    85
Dodge: Dodged            |    42 |    52 |    95 ||   189
Block: Buckler           |    47 |    68 |   126 ||   241
       Reflection        |       |     1 |     2 ||     3

Table legend: (Time is in decaauts)
 A = Elapsed time spent in this place.
 B = Non-inter-level travel time spent in this place.
 C = Inter-level travel time spent in this place.
 D = Time resting spent in this place.
 E = Time spent auto-exploring this place.
 F = Levels seen in this place.
 G = Mean time per level.
                   A        B        C        D        E       F      G
               +--------+--------+--------+--------+--------+-----+--------+
         Total |   5353 |   5156 |    197 |    482 |   2918 |   6 |  892.2 |
       Dungeon |   5353 |   5156 |    197 |    482 |   2918 |   6 |  892.2 |
               +--------+--------+--------+--------+--------+-----+--------+

Top non-repeatable levels by time:
     D:5: 1585 daAuts
     D:2: 1218 daAuts
     D:1: 1047 daAuts
     D:4: 747 daAuts
     D:3: 708 daAuts
     D:6: 46 daAuts
